 Dungeon Crawl Stone Soup version 0.29-a0-613-gf2c431b9b9 (webtiles) character file.

Game seed: 8796889555114559454

95 nrs142 the Sneak (level 4, -1/23 HPs)
             Began as a Vampire Brigand on June 16, 2022.
             Was a Believer of Hepliaklqana.
             Slain by a gnoll
             ... wielding a +0 flail
              (10 damage)
             ... on level 4 of the Dungeon.
             The game lasted 00:05:10 (2597 turns).

nrs142 the Sneak (Vampire Brigand)                  Turns: 2597, Time: 00:05:11

Health: -1/23      AC:  3    Str: 12    XL:     4   Next: 39%
Magic:  4/4        EV: 12    Int: 13    God:    Hepliaklqana [**....]
Gold:   230        SH:  0    Dex: 15    Spells: 3/3 levels left

rFire   . . .      SeeInvis +   a - +2 dagger
rCold   + + .      Faith    .   (no shield)
rNeg    + + +      Spirit   .   b - +0 robe
rPois   ∞          Reflect  .   (no helmet)
rElec   .          Harm     .   c - +0 cloak
rCorr   .          Rampage  .   (no gloves)
Will    .....                   (no boots)
Stlth   +++++.....              (no amulet)
HPRegen 0.00/turn               (no ring)
MPRegen 0.09/turn               (no ring)

@: bloodless, inhibited regen
A: reduced essence, bloodless, fangs 3, see invisible, vampiric 2
a: Bat Form, Revivify, Renounce Religion, Recall Ancestor, Ancestor Identity


You were on level 4 of the Dungeon.
You worshipped Hepliaklqana.
Hepliaklqana was pleased with you.
You visited 1 branch of the dungeon, and saw 4 of its levels.

You collected 230 gold pieces.

Inventory:

Hand Weapons
 a - a +2 dagger (weapon)
Missiles
 d - 15 poisoned darts (quivered)
 e - 3 curare-tipped darts
Armour
 b - a +0 robe (worn)
 c - a +0 cloak (worn)
 p - the +2 ring mail "Dogan" {Dex+4}
   (You found it on level 2 of the Dungeon)

   Dex:       It affects your dexterity (+4).
Jewellery
 i - a +6 ring of dexterity
 u - a +4 ring of protection
Scrolls
 f - a scroll of enchant weapon {unknown}
 j - a scroll of identify {unknown}
 k - a scroll of brand weapon {unknown}
 n - a scroll of torment {unknown}
 o - a scroll of immolation {unknown}
 q - 2 scrolls of fog {unknown}
 r - a scroll of acquirement {unknown}
 v - a scroll of magic mapping {unknown}
Potions
 h - 2 potions of ambrosia {unknown}
 l - a potion of attraction {unknown}
 m - a potion of haste {unknown}
 s - a potion of flight {unknown}
 t - a potion of heal wounds {unknown}


   Skills:
 + Level 2.4 Fighting
 + Level 3.0 Short Blades
 + Level 2.1 Throwing
 + Level 0.0 Armour
 - Level 2.1 Dodging
 * Level 6.7 Stealth


You had 3 spell levels left.
You didn't know any spells.
Your spell library contained the following spells:

 Spells                   Type           Power      Damage    Failure   Level
 Ensorcelled Hibernation  Hex/Ice        0%         N/A       43%         2
 Spider Form              Tmut/Pois      0%         N/A       67%         3
 Anguish                  Hex/Necr       0%         N/A       97%         4


Dungeon Overview and Level Annotations

Branches:
Dungeon (4/15)
 Temple: D:4-7

Altars:
Hepliaklqana


Innate Abilities, Weirdness & Mutations

Your life essence is reduced to manifest your ancestor. (-10% HP)
You do not regenerate when monsters are visible.
You are frail without blood (-20% HP).
You can heal yourself when you bite living creatures.
You are immune to poison.
You have razor-sharp teeth.
You have supernaturally acute eyesight. (SInv)
You are afflicted with vampirism and can become a bat while bloodless.


Message History

a +0 dagger; a goblin corpse You swap places.
You see here a +0 dagger.
There is an escape hatch in the floor here.
There is an open door here.
Done exploring.
Done exploring.
Done exploring.
You swap places.
There is a stone staircase leading down here.
You climb downwards.
Found a whip.
Found a stone staircase leading down and a stone staircase leading up.
There is a stone staircase leading up here.
No target in view!
A gnoll comes into view. It is wielding a +0 flail.
A gnoll is nearby!
A gnoll comes into view. It is wielding a +0 spear.
The gnoll shouts! x2
A gnoll comes into view. It is wielding a +0 flail.
You hit the gnoll.
The gnoll is lightly wounded.
Pds69 hits the gnoll with a +0 flail!
The gnoll dies!
The gnoll closely misses you. The gnoll hits you with a +0 spear.
The gnoll closely misses you.
You closely miss the gnoll. The gnoll hits you with a +0 spear.
The gnoll barely misses you.
Pds69 hits the gnoll with a +0 flail.
You hit the gnoll. You bite the gnoll, but do no damage.
The gnoll is moderately wounded.
The gnoll closely misses you. The gnoll hits you with a +0 flail!
Pds69 barely misses the gnoll.
You are too injured to fight recklessly!
You are too injured to fight recklessly!
It was a potion of curing.
You feel better. The gnoll barely misses you.
The gnoll hits you with a +0 flail!
Pds69 barely misses the gnoll.
You hit the gnoll. Your bite misses the gnoll.
The gnoll is severely wounded.
The gnoll hits you with a +0 flail!
You die...

...# ...# #..# ##
#..###.#
######......###
.###.............#
..#......gg.....#
.........#@R....##
#.......#.).....#
#..............##
#..............#
#..............#
#.............##
#............##
....###.<...####
... #...>....#


You could see the friendly pds69 the knight and 2 gnolls.

Vanquished Creatures
  3 adders (D:2)
  2 dart slugs
  3 ball pythons
  3 endoplasms
  3 giant cockroaches
  4 goblins
  3 hobgoblins
  2 jackals (D:1)
  2 kobolds (D:1)
  2 quokkas
  8 bats
  2 frilled lizards
  5 rats
42 creatures vanquished.

Vanquished Creatures (collateral kills)
  An adder (D:2)
  A gnoll (D:4)
  A goblin (D:3)
3 creatures vanquished.

Grand Total: 45 creatures vanquished

Notes
Turn   | Place    | Note
-------+----------+-------------------------------------------
     0 | D:1      | nrs142 the Vampire Brigand began the quest for the Orb.
     0 | D:1      | Reached XP level 1. HP: 16/16 MP: 1/1
   211 | D:1      | Reached skill level 6 in Stealth
   220 | D:1      | Reached XP level 2. HP: 8/17 MP: 2/2
   898 | D:2      | Gained mutation: You are afflicted with vampirism and can
                  | become a bat while bloodless. [Vampire growth]
   898 | D:2      | Reached XP level 3. HP: 21/21 MP: 3/3
  1095 | D:2      | Found a faded altar of an unknown god.
  1136 | D:2      | Prayed at the altar of an unknown god.
  1136 | D:2      | Became a worshipper of Hepliaklqana the Forgotten
  1136 | D:2      | Reached * piety under Hepliaklqana
  1176 | D:2      | Identified the +2 ring mail "Dogan" {Dex+4}
  1205 | D:2      | Reached XP level 4. HP: 16/23 MP: 4/4
  2361 | D:3      | Reached ** piety under Hepliaklqana
  2498 | D:3      | Remembered your ancestor pds69 as a knight
  2597 | D:4      | Slain by a gnoll

Illustrated notes

Levels and vault maps discovered:
D:1:      eino_arrival_cavern_c, layout_basic, serial_curves, eino_curves_01,
          eino_curves_01, minmay_misc_feat_hallway, kennysheep_another_room
D:2:      layout_basic, hellmonk_ecumenical_altar_zigzags
D:3:      layout_loops_ring, minivault_11, kennysheep_cluttered_room
D:4:      cheibrodos_thug_alley, layout_cave_pools, nicolae_gozag_seed_capital,
          grunt_temple_overflow_open, serial_shops, shop, uniq_edmund

Skill      XL: |  1  2  3  4 |
---------------+-------------+-----
Stealth        | 6 |  6.7
Fighting       | 2 |  2.4
Throwing       | 2 |  2.1
Dodging        | 2 |  2.1
Short Blades   | 3 |  3.0

Action                   |  1- 3 |  4- 6 || total
-------------------------+-------+-------++-------
Melee: Dagger            |    68 |    30 ||    98
       Bite              |     8 |     3 ||    11
Invok: Ancestor Identity |     1 |       ||     1
       Ancestor Life: Kn |       |     1 ||     1
 Abil: Exsanguinate      |     1 |       ||     1
  Use: Potion            |       |     1 ||     1
 Stab: Sleeping          |    18 |     4 ||    22
Armor: Robe              |     9 |     6 ||    15
Dodge: Dodged            |    27 |    17 ||    44

Table legend: (Time is in decaauts)
 A = Elapsed time spent in this place.
 B = Non-inter-level travel time spent in this place.
 C = Inter-level travel time spent in this place.
 D = Time resting spent in this place.
 E = Time spent auto-exploring this place.
 F = Levels seen in this place.
 G = Mean time per level.
                   A        B        C        D        E       F      G
               +--------+--------+--------+--------+--------+-----+--------+
         Total |   2583 |   2488 |     95 |      0 |   2156 |   4 |  645.8 |
       Dungeon |   2583 |   2488 |     95 |      0 |   2156 |   4 |  645.8 |
               +--------+--------+--------+--------+--------+-----+--------+

Top non-repeatable levels by time:
     D:2: 965 daAuts
     D:1: 885 daAuts
     D:3: 721 daAuts
     D:4: 11 daAuts
